 Dungeon Crawl Stone Soup version 0.27-a0-1184-ge86db4a01e (webtiles) character file.

Game seed: 8280289613150044110

133190 freelancePsychic the Bludgeoner (level 16, -6/123 HPs)
             Began as a Demonspawn Necromancer on May 18, 2021.
             Was the Champion of Kikubaaqudgha.
             Killed from afar by a will-o-the-wisp (11 damage)
             ... with a foxfire
             ... on level 1 of the Swamp.
             The game lasted 01:24:34 (27326 turns).

freelancePsychic the Bludgeoner (DsNe)             Turns: 27326, Time: 01:24:34

Health: -6/123     AC: 25    Str: 18    XL:     16   Next: 59%
Magic:  19/19      EV: 10    Int: 26    God:    Kikubaaqudgha [******]
Gold:   3848       SH:  9    Dex: 23    Spells: 1/19 levels left

rFire    . . .     SeeInvis .   B - +10 flail of Intuition {vamp, Drain rCorr Dex+5}
rCold    . . .     Faith    .   (no shield)
rNeg     . . .     Spirit   .   p - +7 plate armour of the Sea {Int+6}
rPois    +         Reflect  +   (helmet unavailable)
rElec    .         Harm     .   h - +2 cloak {rCorr}
rCorr    +         Rampage  .   (no gloves)
Will     +....                  (no boots)
Stlth    ..........             Z - amulet of Koiwkise {Reflect Dex+4 SH+5 Stlth+}
HPRegen  0.30/turn              o - ring of poison resistance
MPRegen  0.16/turn              J - +6 ring of strength

@: marked
A: horns 3, large bone plates 1, demonic guardian 1, icemail 2, condensation
shield
a: Renounce Religion, Receive Corpses, Torment, Brand Weapon With Pain, Receive
Necronomicon


You were on level 1 of the Swamp.
You worshipped Kikubaaqudgha.
Kikubaaqudgha was exalted by your worship.
You visited 7 branches of the dungeon, and saw 27 of its levels.
You also visited: Sewer and Bailey.

You collected 3848 gold pieces.

Inventory:

Hand Weapons
 B - the +10 flail of Intuition (weapon) {vamp, Drain rCorr Dex+5}
   (You took it off a kobold on level 6 of the Dungeon)

   It inflicts no extra harm, but heals its wielder when it wounds a living foe.
   It affects your dexterity (+5).
   It protects you from acid and corrosion.
   It drains your maximum health when unequipped.
 L - a +0 great mace
Missiles
 z - a throwing net
 A - a curare-tipped dart
Armour
 h - a +2 cloak of preservation (worn)
 p - the +7 plate armour of the Sea (worn) {Int+6}
   (You found it on level 13 of the Dungeon)

   It affects your intelligence (+6).
 G - a +3 scale mail of fire resistance
 W - +0 shadow dragon scales
Jewellery
 o - a ring of poison resistance (left hand)
 q - a ring of resist corrosion
 r - an amulet of faith
 s - a ring of see invisible
 J - a +6 ring of strength (right hand)
 M - a ring of flight
 T - a ring of ice
 U - the ring "Pecve" {rN+ Will+ Str+3 Slay+2}
   (You acquired it on level 4 of the Lair of Beasts)

   [ring of willpower]

   It affects your strength (+3).
   It affects your accuracy and damage with ranged weapons and melee attacks
   (+2).
   It protects you from negative energy.
   It increases your willpower.
 V - a ring of fire
 Y - a +6 ring of intelligence
 Z - the amulet of Koiwkise (around neck) {Reflect Dex+4 SH+5 Stlth+}
   (You found it on level 6 of the Lair of Beasts)

   [amulet of reflection]

   It reflects blocked missile attacks.
   It affects your dexterity (+4).
   It affects your SH (+5).
   It makes you more stealthy.
Wands
 a - a wand of iceblast (13)
 f - a wand of paralysis (8)
 g - a wand of polymorph (10)
 m - a wand of digging (3)
 H - a wand of mindburst (6)
 K - a wand of flame (34)
 S - a wand of charming (13)
 X - a wand of acid (14)
Scrolls
 e - 3 scrolls of identify {@r1}
 t - 4 scrolls of amnesia
 u - 2 scrolls of blinking {unknown}
 v - a scroll of torment {unknown}
 w - 6 scrolls of silence
 x - 8 scrolls of fear
 y - 7 scrolls of teleportation {@r4}
 C - 2 scrolls of enchant weapon
 F - 3 scrolls of enchant armour
 O - a scroll of summoning
 P - 2 scrolls of fog
Potions
 b - 5 potions of flight
 c - 5 potions of attraction
 d - 7 potions of heal wounds {@q2}
 i - 3 potions of brilliance {unknown}
 j - 2 potions of cancellation {unknown}
 k - 6 potions of magic {unknown}
 l - 3 potions of mutation {unknown}
 n - 3 potions of degeneration {unknown}
 D - a potion of haste {@q3}
 E - 3 potions of resistance
 I - 10 potions of curing {@q1}
 N - a potion of might
 Q - 2 potions of lignification
 R - 2 potions of berserk rage {unknown}


   Skills:
 - Level 10.5 Fighting
 + Level 15.8 Maces & Flails
 - Level 11.0 Armour
 - Level 7.7 Dodging
 - Level 1.7 Stealth
 - Level 2.0 Spellcasting
 - Level 13.2 Summonings
 - Level 13.0 Necromancy


You had one spell level left.
You knew the following spells:

 Your Spells              Type           Power      Damage    Failure   Level
a - Pain                  Necr           100%       1d9       1%          1
b - Vampiric Draining     Necr           31%        2d10      3%          3
c - Animate Dead          Necr           31%        N/A       10%         4
d - Shadow Creatures      Summ           N/A        N/A       80%         6
e - Dispel Undead         Necr           63%        3d22      10%         4

Your spell library contained the following spells:

 Spells                   Type           Power      Damage    Failure   Level
 Animate Skeleton         Necr           100%       N/A       1%          1
 Beastly Appendage        Tmut           4%         N/A       91%         1
 Shock                    Conj/Air       8%         1d3       91%         1
 Sting                    Tmut/Pois      8%         1d3       91%         1
 Call Imp                 Summ           64%        N/A       1%          2
 Sublimation of Blood     Necr           31%        N/A       1%          2
 Corpse Rot               Necr/Air       N/A        N/A       22%         2
 Agony                    Necr           63%        N/A       28%         5
 Excruciating Wounds      Necr           31%        N/A       28%         5
 Summon Lightning Spire   Summ/Air       37%        N/A       80%         4
 Blink                    Tloc           N/A        N/A       97%         2
 Ensorcelled Hibernation  Hex/Ice        4%         N/A       97%         2
 Poisonous Vapours        Pois/Air       4%         N/A       97%         2
 Static Discharge         Conj/Air       2%         N/A       97%         2
 Wereblood                Tmut           2%         N/A       97%         2
 Confusing Touch          Hex            2%         N/A       99%         3
 Conjure Flame            Conj/Fire      2%         6-21      99%         3
 Dazzling Flash           Conj/Hex       4%         N/A       99%         3
 Gell's Gravitas          Tloc           1%         N/A       99%         3
 Ignite Poison            Fire/Tmut/Pois 2%         N/A       99%         3
 Lesser Beckoning         Tloc           1%         N/A       99%         3
 Mephitic Cloud           Conj/Pois/Air  2%         N/A       99%         3
 Spider Form              Tmut/Pois      1%         N/A       99%         3
 Swiftness                Air            2%         N/A       99%         3
 Teleport Other           Tloc           2%         N/A       99%         3
 Airstrike                Air            1%         N/A       100%        4
 Ice Form                 Ice/Tmut       2%         N/A       100%        4
 Iskenderun's Mystic Bla  Conj/Tloc      2%         2d3       100%        4
 Olgreb's Toxic Radiance  Pois           2%         N/A       100%        4
 Petrify                  Tmut/Erth      2%         N/A       100%        4
 Hydra Form               Tmut           1%         N/A       100%        5
 Iskenderun's Battlesphe  Conj           2%         2d6       100%        5
 Lightning Bolt           Conj/Air       1%         1d12      100%        5
 Manifold Assault         Tloc           2%         N/A       100%        5
 Metabolic Englaciation   Hex/Ice        1%         N/A       100%        5
 Silence                  Hex/Air        1%         N/A       100%        5
 Yara's Violent Unravell  Hex/Tmut       1%         3d3       100%        5
 Conjure Ball Lightning   Conj/Air       1%         3x3d6     100%        6
 Simulacrum               Ice/Necr       18%        N/A       100%        6
 Malign Gateway           Summ/Tloc      18%        N/A       100%        7
 Tornado                  Air            1%         N/A       100%        9


Dungeon Overview and Level Annotations

Branches:
Dungeon (15/15)            Temple (1/1) D:7            Lair (6/6) D:8
  Swamp (1/4) Lair:3       Spider (0/4) Lair:4        Slime (0/5) Lair:5
    Orc (2/2) D:9             Elf (1/3) Orc:2        Vaults (0/5) D:13
 Depths (1/5) D:15          Sewer (visited)          Bailey (visited)

Altars:
Ashenzari
Cheibriados
Dithmenos
Elyvilon
Fedhas
Gozag
Hepliaklqana
Kikubaaqudgha
Makhleb
Nemelex Xobeh
Okawaru
Qazlal
Ru
Sif Muna
Trog
Uskayaw
Vehumet
Wu Jian
Xom
Yredelemnul
Zin
The Shining One
Beogh
Jiyva

Shops:
D:12 *   Orc:2 (=!*(

Portals:
Ziggurat: Depths:1

Annotations:
D:5 3 runed translucent doors, DemonSlayer's ghost, amateur HuAK
D:12 1 runed translucent door


Innate Abilities, Weirdness & Mutations

You have a pair of large horns on your head.
You are partially covered in large bone plates. (SH +4)
A weak demonic guardian rushes to your aid.
A meltable icy envelope protects you from harm. (AC +0)
A meltable shield of frost defends you. (SH +0)


Message History

A sentinel's mark forms upon you. The foxfire hits you.
Your icy defenses dissipate!
You hear a shout!
The foxfire hits you!
The will-o-the-wisp gestures.
The will-o-the-wisp conjures some foxfire! 2 foxfires come into view.
The foxfire hits you! The foxfire hits you!!
The will-o-the-wisp gestures.
The will-o-the-wisp conjures some foxfire! 2 foxfires come into view.
You are too injured to fight recklessly!
Unknown command.
The foxfire hits you but does no damage.
The foxfire hits you! You block the will-o-the-wisp's attack.
You sock the will-o-the-wisp! You headbutt the will-o-the-wisp!
The will-o-the-wisp is moderately damaged.
You block the will-o-the-wisp's attack.
You hit the will-o-the-wisp.
The will-o-the-wisp is heavily damaged.
The will-o-the-wisp gestures.
The will-o-the-wisp conjures some foxfire! 2 foxfires come into view.
You hit the will-o-the-wisp.
The will-o-the-wisp is heavily damaged.
The foxfire hits you!! x2
* * * LOW HITPOINT WARNING * * *
A demonic guardian appears!
The will-o-the-wisp gestures.
The will-o-the-wisp conjures some foxfire! 2 foxfires come into view.
You sock the will-o-the-wisp!
The will-o-the-wisp is almost destroyed.
The foxfire hits you!!
* * * LOW HITPOINT WARNING * * *
The foxfire hits you!
You die...
Kikubaaqudgha rasps: "You have failed me!
Welcome... death!"

♣♣.≈.≈♣.♣..♣♣♣♣..#.##.
♣.≈..†...≈.......##..≈
♣♣≈.≈...♣.≈..........≈
♣♣...≈..♣≈≈..######..≈
♣..≈.≈≈♣.♣≈..# #...
♣.≈.....≈≈...# .....
♣♣.....♣≈.....# .....≈
♣.......≈≈.#### ..≈≈≈.
♣.≈≈≈@.≈≈.... .♣♣...
♣♣..vv≈≈§≈... ♣♣♣.
♣♣.§≈.4.....
♣♣.♣♣≈.≈≈♣♣ ♣♣♣ ..♣♣♣
≈.♣ ≈. ..♣


You could see a will-o-the-wisp (ally target) and a friendly rust devil
(summoned).

Vanquished Creatures
  Jorgrun (Orc:2)
  Rupert (Lair:5)
  Frances (D:13)
  A bunyip (Swamp:1)
  An eleionoma (Swamp:1)
  An ettin (Orc:2)
  Fannar (D:12)
  2 fire dragons (Depths:1)
  4 boulder beetles
  A rakshasa (D:12)
  12 hydras
  7 centaur warriors
  8 two-headed ogres
  An alligator (Swamp:1)
  A death knight (D:15)
  An ogre mage (D:11)
  2 dancing weapons (Elf:1)
  14 death yaks
  Urug (Orc:2)
  2 tengu warriors (D:14)
  A deep elf knight (Elf:1)
  An orc high priest (Orc:2)
  5 skeletal warriors (D:11)
  A flayed ghost (D:13)
  A goliath frog (Swamp:1)
  A swamp dragon (Swamp:1)
  A bog body (Swamp:1)
  2 deep elf archers (Elf:1)
  7 orc knights
  2 wizards
  A necromancer (D:15)
  8 deep elf pyromancers
  2 orc sorcerers
  5 cyclopes
  2 deep elf zephyrmancers (Elf:1)
  5 manticores
  2 oklob plants (Lair:3)
  13 ugly things
  Maurice (Orc:2)
  A black mamba (shapeshifter) (D:15)
  6 black mambas
  An elephant (shapeshifter) (D:13)
  8 elephants
  28 cane toads
  2 gargoyles
  3 unseen horrors
  3 centaur skeletons (D:15)
  9 komodo dragons
  A komodo dragon (shapeshifter) (D:14)
  3 freezing wraiths
  8 rime drakes
  2 tengu conjurers (D:14)
  5 trolls
  4 polar bears
  A hornet (Swamp:1)
  A blink frog (shapeshifter) (D:15)
  4 tyrant leeches
  7 slime creatures
  23 blink frogs
  7 raiju (D:14)
  10 dream sheep
  2 spriggans (Swamp:1)
  8 wyverns
  6 wraiths
  36 yaks
  3 shadows
  4 water elementals
  A basilisk (shapeshifter) (D:15)
  2 basilisks
  A steam dragon (D:10)
  17 vampire mosquitoes
  8 wargs
  3 swamp worms (Swamp:1)
  An acid dragon (D:8)
  12 water moccasins
  An ice beast (D:7)
  3 black bears
  36 orc warriors
  A meliai simulacrum (D:15)
  A sky beast (D:4)
  A boggart (D:12)
  4 necrophages
  4 ogres
  11 wolves
  3 centaurs (D:11)
  2 phantoms
  4 kobold brigands
  25 bullfrogs
  11 scorpions
  A wyvern skeleton (D:7)
  16 killer bees
  5 wights
  A howler monkey (D:9)
  5 electric eels
  4 centaur zombies
  3 jellies
  A bullfrog zombie (D:3)
  2 hounds (D:6)
  2 gnoll shamans
  6 orc priests
  2 bullfrog skeletons (D:6)
  Terence (D:2)
  6 iguanas
  10 orc wizards
  6 hell rats
  Robin (D:3)
  26 gnolls
  A river rat (Sewer)
  7 adders
  A white imp (D:7)
  2 ufetubi
  3 worms
  2 dart slugs
  60 orcs
  7 endoplasms
  3 giant cockroaches
  9 goblins (D:3)
  14 hobgoblins
  4 jackals
  33 kobolds
  A quokka (D:3)
  3 ball pythons
  5 bats
  A frilled lizard (D:1)
  6 rats
732 creatures vanquished.

Vanquished Creatures (collateral kills)
  2 hydras
  A two-headed ogre (D:11)
  2 deep elf zephyrmancers (Elf:1)
  7 elephants
  A torpor snail (Lair:4)
  A cane toad (Lair:4)
  A tyrant leech (Lair:3)
  A polar bear (Lair:6)
  3 blink frogs
  A hornet (Swamp:1)
  2 dream sheep (Lair:5)
  A wyvern (Lair:3)
  A yak (Lair:3)
  2 swamp worms (Lair:3)
  A water moccasin (Lair:6)
  3 wolves (Lair:3)
  An ogre (D:11)
  A bullfrog (Lair:3)
  A jelly (D:3)
  A wight (D:6)
  An orc wizard (D:5)
  A hell rat (Lair:6)
  A dart slug (D:3)
  4 orcs
  2 goblins (D:3)
  A frilled lizard (D:3)
  A rat (Sewer)
45 creatures vanquished.

Vanquished Creatures (others)
  A deep elf pyromancer (Elf:1)
  An unseen horror (D:11)
  2 bushes
  9 foxfires (Swamp:1)
  40 fungi
  150 plants
203 creatures vanquished.

Grand Total: 980 creatures vanquished

Notes
Turn   | Place    | Note
-------+----------+-------------------------------------------
     0 | D:1      | freelancePsychic the Demonspawn Necromancer began the quest
                  | for the Orb.
     0 | D:1      | Reached XP level 1. HP: 13/13 MP: 3/3
   583 | D:1      | Gained mutation: A meltable shield of frost defends you.
                  | (SH +0) [demonic ancestry]
   583 | D:1      | Reached XP level 2. HP: 18/20 MP: 1/5
   903 | D:1      | Reached skill level 1 in Fighting
  1707 | D:2      | Gained mutation: A weak demonic guardian rushes to your
                  | aid. [demonic ancestry]
  1707 | D:2      | Reached XP level 3. HP: 21/27 MP: 0/6
  1920 | D:2      | Noticed Terence
  1940 | D:2      | Killed Terence
  1941 | D:2      | Reached skill level 5 in Necromancy
  2257 | D:3      | Identified a scroll of acquirement
  2257 | D:3      | Acquired the +27 Lear's hauberk
  2258 | D:3      | Found the +27 Lear's hauberk
  2309 | D:3      | Learned a level 3 spell: Vampiric Draining
  2447 | D:3      | Reached XP level 4. HP: 32/34 MP: 7/7
  2505 | D:3      | Noticed Robin
  2563 | D:3      | Reached skill level 1 in Armour
  2895 | D:3      | Found a glowing drain.
  2900 | Sewer    | Entered a sewer
  3004 | Sewer    | Noticed a kobold brigand
  3123 | Sewer    | Killed a kobold brigand
  3124 | Sewer    | Gained mutation: You are partially covered in large bone
                  | plates. (SH +4) [demonic ancestry]
  3124 | Sewer    | Reached XP level 5. HP: 41/41 MP: 8/8
  3363 | D:3      | Killed Robin
  3914 | D:4      | Reached skill level 1 in Maces & Flails
  3914 | D:4      | Gained mutation: A meltable icy envelope protects you from
                  | harm. (AC +0) [demonic ancestry]
  3914 | D:4      | Reached XP level 6. HP: 47/48 MP: 9/9
  4133 | D:5      | Entered Level 5 of the Dungeon
  4255 | D:5      | Reached skill level 2 in Maces & Flails
  4276 | D:5      | You fall into a shaft and drop 1 floor!
  4352 | D:6      | Gained mutation: You have a pair of small horns on your
                  | head. [demonic ancestry]
  4352 | D:6      | Reached XP level 7. HP: 55/55 MP: 10/10
  4641 | D:5      | Reached skill level 5 in Fighting
  4795 | D:4      | Reached skill level 3 in Maces & Flails
  5047 | D:4      | Reached XP level 8. HP: 63/63 MP: 11/11
  5199 | D:4      | Identified the +0 robe of Etonomuth {Str+2}
  5822 | D:5      | Reached skill level 4 in Maces & Flails
  5826 | D:5      | Found a runed translucent gate.
  5826 | D:5      | Found a runed translucent gate.
  5827 | D:5      | Found an opulent altar of Gozag.
  5829 | D:5      | Found a runed translucent gate.
  5831 | D:5      | Noticed DemonSlayer's ghost (amateur HuAK)
  5832 | D:5      | Noticed a two-headed ogre
  6134 | D:5      | Reached skill level 5 in Armour
  6476 | D:6      | Reached skill level 5 in Maces & Flails
  6538 | D:6      | Identified the +10 flail of Intuition {vamp, Drain rCorr
                  | Dex+5}
  6867 | D:6      | Gained mutation: A meltable icy envelope protects you from
                  | harm. (AC +0) [demonic ancestry]
  6867 | D:6      | Reached XP level 9. HP: 72/72 MP: 12/12
  7161 | D:7      | Noticed a manticore
  7184 | D:7      | Killed a manticore
  7205 | D:7      | Noticed a deep elf pyromancer
  7255 | D:7      | Killed a deep elf pyromancer
  7256 | D:7      | Reached skill level 6 in Maces & Flails
  7461 | D:7      | Found a shimmering blue altar of Sif Muna.
  7587 | D:7      | Found a staircase to the Ecumenical Temple.
  7598 | Temple   | Entered the Ecumenical Temple
  8151 | D:8      | Found a shadowy altar of Dithmenos.
  8200 | D:8      | Reached XP level 10. HP: 82/82 MP: 13/13
  8203 | D:8      | Reached skill level 7 in Maces & Flails
  8269 | D:8      | Found a staircase to the Lair.
  8730 | D:9      | Noticed a wizard
  8958 | D:9      | Reached skill level 8 in Maces & Flails
  9191 | D:9      | Noticed a two-headed ogre
  9192 | D:9      | Found a staircase to the Orcish Mines.
  9200 | D:9      | Killed a two-headed ogre
  9254 | D:9      | Found a basalt altar of Yredelemnul.
  9257 | D:9      | Found a blossoming altar of Fedhas.
  9262 | D:9      | Found an ancient bone altar of Kikubaaqudgha.
  9266 | D:9      | Became a worshipper of Kikubaaqudgha
  9311 | Lair:1   | Entered Level 1 of the Lair of Beasts
  9340 | D:8      | Reached skill level 10 in Fighting
  9345 | D:8      | Gained mutation: You have a pair of horns on your head.
                  | [demonic ancestry]
  9345 | D:8      | Reached XP level 11. HP: 90/90 MP: 14/14
  9504 | Lair:1   | Reached skill level 10 in Necromancy
  9553 | Lair:1   | Found a broken altar of Ashenzari.
  9566 | Lair:1   | Reached skill level 9 in Maces & Flails
  9676 | Lair:1   | Reached * piety under Kikubaaqudgha
  9676 | Lair:1   | Identified Kikubaaqudgha's Grimoire of Necromancy
                  | (Kikubaaqudgha gifted it to you on level 1 of the Lair of
                  | Beasts)
  9676 | Lair:1   | Received a gift from Kikubaaqudgha
 10218 | Lair:2   | Noticed an eight-headed hydra
 10355 | Lair:3   | Noticed a seven-headed hydra
 10425 | Lair:2   | Killed an eight-headed hydra
 11073 | Lair:2   | Reached skill level 10 in Maces & Flails
 11079 | Lair:2   | Learned a level 4 spell: Animate Dead
 11095 | Lair:2   | Reached XP level 12. HP: 95/98 MP: 15/15
 11509 | Lair:3   | Killed a seven-headed hydra
 11774 | Lair:3   | Identified the +8 morningstar "Dagappim" {protect, rElec
                  | rF- Str+4}
 11791 | Lair:3   | Noticed a six-headed hydra
 11802 | Lair:3   | Killed a six-headed hydra
 11930 | Lair:3   | Reached ** piety under Kikubaaqudgha
 11938 | Lair:3   | Noticed a seven-headed hydra
 11944 | Lair:3   | Killed a seven-headed hydra
 12274 | Lair:3   | Noticed a four-headed hydra
 12285 | Lair:3   | Killed a four-headed hydra
 12286 | Lair:3   | Reached skill level 11 in Maces & Flails
 12326 | Lair:3   | Found a staircase to the Swamp.
 12706 | Lair:4   | Noticed a death yak
 12706 | Lair:4   | Noticed a death yak
 12730 | Lair:4   | Killed a death yak
 12738 | Lair:4   | Killed a death yak
 12872 | Lair:4   | Reached XP level 13. HP: 104/104 MP: 16/16
 12963 | Lair:4   | Acquired the ring "Pecve" {rN+ Will+ Str+3 Slay+2}
 13021 | Lair:4   | Found a hole to the Spider Nest.
 13075 | Lair:4   | Acquired the Catalogue of Supportive Attacks
 13292 | Lair:4   | Reached *** piety under Kikubaaqudgha
 13292 | Lair:4   | Identified Kikubaaqudgha's Guide on Necromancy
                  | (Kikubaaqudgha gifted it to you on level 4 of the Lair of
                  | Beasts)
 13292 | Lair:4   | Received a gift from Kikubaaqudgha
 13293 | Lair:4   | Reached skill level 1 in Summonings
 13322 | Lair:4   | Learned a level 4 spell: Dispel Undead
 13456 | Lair:5   | Found a staircase to the Slime Pits.
 13456 | Lair:5   | Found a viscous altar of Jiyva.
 13541 | Lair:5   | Reached skill level 10 in Armour
 13560 | Lair:5   | Reached skill level 12 in Maces & Flails
 13732 | Lair:5   | Reached **** piety under Kikubaaqudgha
 13733 | Lair:5   | Reached skill level 5 in Summonings
 13743 | Lair:5   | Noticed Rupert
 13765 | Lair:5   | Killed Rupert
 14248 | Lair:6   | Entered Level 6 of the Lair of Beasts
 14413 | Lair:6   | Reached XP level 14. HP: 111/111 MP: 2/17
 14634 | Lair:6   | Reached skill level 13 in Maces & Flails
 15088 | Lair:6   | Reached ***** piety under Kikubaaqudgha
 15379 | Lair:6   | Identified the amulet of Koiwkise {Reflect Dex+4 SH+5
                  | Stlth+}
 15381 | Lair:6   | Identified the +7 scimitar of Courage {antimagic, *Corrode
                  | rElec Int+4 Stlth+}
 15771 | D:9      | Identified the +1 flail "Dozxeiko" {antimagic, Drain rN+++
                  | Int+4 SInv}
 15859 | D:10     | Entered Level 10 of the Dungeon
 15920 | Orc:1    | Entered Level 1 of the Orcish Mines
 16123 | Orc:2    | Entered Level 2 of the Orcish Mines
 16592 | Orc:2    | Found Exeiqov's Weapon Emporium.
 16592 | Orc:2    | Found Zunurad's Jewellery Shop.
 16644 | Orc:2    | Found a staircase to the Elven Halls.
 16844 | Orc:2    | Found Maedouf's Distillery.
 16844 | Orc:2    | Found Maufo Juza's General Store.
 16878 | Orc:2    | Reached skill level 14 in Maces & Flails
 17084 | Orc:2    | Noticed Maurice
 17085 | Orc:2    | Noticed Jorgrun
 17102 | Orc:2    | Reached skill level 10 in Summonings
 17116 | Orc:2    | Killed Jorgrun
 17127 | Orc:2    | Killed Maurice
 17128 | Orc:2    | Reached XP level 15. HP: 116/117 MP: 8/18
 17204 | Orc:2    | Found Rimaochodu's Weapon Boutique.
 17205 | Orc:2    | Noticed Urug
 17215 | Orc:2    | Killed Urug
 17775 | Orc:1    | Found a burning altar of Makhleb.
 18700 | D:10     | Found an opulent altar of Gozag.
 18793 | D:10     | Reached ****** piety under Kikubaaqudgha
 19896 | D:11     | Reached skill level 5 in Dodging
 20208 | D:12     | Found Noupn's Assorted Antiques.
 20234 | D:12     | Noticed Fannar
 20250 | D:12     | Killed Fannar
 20540 | D:12     | Found a runed translucent door.
 20542 | D:12     | Noticed a frost giant
 20542 | D:12     | Noticed a storm dragon
 21396 | D:13     | Identified the +7 plate armour of the Sea {Int+6}
 21467 | D:13     | Found a flagged portal.
 21479 | Bailey   | Entered a bailey
 21786 | D:13     | Acquired a +0 cloak of preservation
 21787 | D:13     | Acquired 1316 gold pieces
 21908 | D:13     | Found a gate to the Vaults.
 21961 | D:13     | Noticed Frances
 22311 | D:13     | Killed Frances
 23050 | D:14     | Found a snail-covered altar of Cheibriados.
 23235 | D:14     | Gained mutation: You have a pair of large horns on your
                  | head. [demonic ancestry]
 23235 | D:14     | Reached XP level 16. HP: 123/123 MP: 19/19
 23528 | D:15     | Entered Level 15 of the Dungeon
 23951 | D:15     | Found a staircase to the Depths.
 24842 | Depths:1 | Entered Level 1 of the Depths
 24891 | Depths:1 | Found a gateway to a ziggurat.
 24903 | Depths:1 | Found a broken altar of Ashenzari.
 24911 | Depths:1 | Noticed a tengu reaver
 25025 | Depths:1 | Reached skill level 15 in Maces & Flails
 25032 | Depths:1 | Noticed a tengu reaver
 25451 | Elf:1    | Entered Level 1 of the Elven Halls
 26351 | D:14     | Learned a level 6 spell: Shadow Creatures
 26653 | Swamp:1  | Entered Level 1 of the Swamp
 27022 | Swamp:1  | Identified the Tome of Ice and Conjuration
 27326 | Swamp:1  | HP: 5/123 [will-o-the-wisp/foxfire (18)]
 27326 | Swamp:1  | Killed from afar by a will-o-the-wisp

Illustrated notes

Levels and vault maps discovered:
D:1:      dpeg_arrival_fog, layout_basic, hangedman_decor_clover_reticule,
          kennysheep_small_spiral
D:2:      layout_loops_ring, serial_aquarium, aquarium_bridge_square
          [aquarium_subvault_bridge, aquarium_subvault_wall,
          aquarium_subvault_wall, aquarium_subvault_bridge],
          aquarium_bridge_straight [aquarium_subvault_bridge,
          aquarium_subvault_window, aquarium_subvault_bridge,
          aquarium_subvault_wall], aquarium_window_corner, aquarium_window_fake,
          aquarium_view_2c, aquarium_pool_2, uniq_terence
D:3:      layout_basic, portal_sewer_entry_e, hangedman_glass_garden,
          minmay_misc_feat_enclosed, minmay_fractal_squares_diagonal_5,
          uniq_robin
D:4:      minmay_inner_zag, layout_basic
D:5:      layout_rooms, ebering_ghost_gozag
D:6:      layout_basic
D:7:      layout_rooms, led_sif_pool, minmay_temple_entry_glassed_door,
          serial_glass, glass_columns_c, glass_columns_b
D:8:      layout_loops_ring, kennysheep_mini_moat,
          grunt_lair_entry_orc_guard_hut
D:9:      layout_rooms, grunt_temple_overflow_diamond, orc_0_dummy
D:10:     layout_irregular_city, marbit_many_paths
D:11:     minmay_inside_and_out, layout_gridville, minmay_misc_feat_five,
          minivault_27
D:12:     layout_basic, serial_shops, shop, minmay_misc_feat_pillars,
          minmay_hidden_floor, uniq_fannar
D:13:     layout_rooms, david_vaults_4, enter_bailey_6, uniq_frances
D:14:     minmay_shoctagon, layout_basic, cheibriados_altar_1
D:15:     grunt_enter_depths_magical_seal, layout_basic, serial_bayou_shore_b
Temple:   eino_temple_scatter_basement
Lair:1:   layout_cave_pods, basic_altar, grunt_megastairs_2
Lair:2:   layout_regular_city, serial_bayou_pond_a, wad_woods_river_01
Lair:3:   layout_layer_cave, palyth_hydra_swamp_entry,
          minmay_lair_oklob_chamber, infiniplex_staircase_pool,
          serial_bayou_shore_a
Lair:4:   layout_misc_corridors, nicolae_spider_entry_non_spiders
Lair:5:   layout_regular_city, slime_altar_1, uniq_rupert
Lair:6:   minmay_lair_end_frog_pond, layout_gridlike, cheibrodos_lair_lostbears,
          grunt_megastairs_3
Swamp:1:  layout_basic_swamp, hangedman_swamp_ruin_wall
Orc:1:    layout_caves, basic_altar, rock_pile
Orc:2:    st_orc_town, layout_caves, serial_shops, shop, uniq_jorgrun,
          uniq_maurice, uniq_urug
Elf:1:    eino_elf_arrival_sip, layout_geoelf_diagonals,
          portal_desolation_entry_twin_temple, serial_shops,
          nicolae_shop_statue_plus, hangedman_corner_corridor,
          hangedman_elf_power_crystal
Depths:1: layout_basic, enter_ziggurat_f, grunt_mini_vestibule, basic_altar,
          mu_enter_wizlab_7, minivault_1, cheibrodos_ashenzari_chains,
          infiniplex_staircase_pool_lava

Skill      XL: |  1  2  3  4  5  6  7  8  9 10 11 12 13 14 15 16 |
---------------+-------------------------------------------------+-----
Fighting       | 1 2 3 4 5 7 8 10 | 10.5
Necromancy     | 5 7 9 11 12 13 | 13.0
Armour         | 2 3 4 5 7 9 10 11 | 11.0
Maces & Flails | 1 2 3 5 6 8 10 11 12 14 15 | 15.8
Summonings     | 6 10 13 | 13.2
Dodging        | 7 |  7.7
Stealth        | |  1.7
Spellcasting   | |  2.0

Action                   |  1- 3 |  4- 6 |  7- 9 | 10-12 | 13-15 | 16-18 || total
-------------------------+-------+-------+-------+-------+-------+-------++-------
Melee: Unarmed           |    62 |    98 |       |       |       |       ||   160
       Whip              |       |   564 |   522 |       |       |       ||  1086
       Headbutt          |       |       |   101 |   148 |   497 |   109 ||   855
       Flail             |       |       |   182 |   530 |  1439 |   335 ||  2486
 Cast: Pain              |    53 |       |       |       |    13 |       ||    66
       Vampiric Draining |       |       |       |     1 |     1 |     1 ||     3
       Animate Dead      |       |       |       |     5 |    15 |     5 ||    25
       Dispel Undead     |       |       |       |       |    22 |       ||    22
Invok: Receive Corpses   |       |       |       |     4 |    10 |     6 ||    20
Evoke: Wand              |       |       |       |     7 |     2 |       ||     9
  Use: Scroll            |     6 |     1 |     2 |       |    20 |     5 ||    34
       Potion            |       |       |       |       |       |    10 ||    10
 Stab: Distracted        |       |     1 |       |     5 |     3 |     2 ||    11
       Sleeping          |       |       |     1 |       |       |       ||     1
Armor: Robe              |    10 |       |       |       |       |       ||    10
       Chain mail        |    44 |   840 |   469 |   478 |  1130 |       ||  2961
       Plate armour      |       |       |       |       |       |   157 ||   157
       Scale mail        |       |       |       |       |       |     8 ||     8
Dodge: Dodged            |    25 |   145 |   144 |   192 |   569 |    82 ||  1157
Block: Other             |     7 |   272 |   245 |   231 |   817 |   155 ||  1727
       Reflection        |       |       |       |       |    30 |    11 ||    41

Table legend: (Time is in decaauts)
 A = Elapsed time spent in this place.
 B = Non-inter-level travel time spent in this place.
 C = Inter-level travel time spent in this place.
 D = Time resting spent in this place.
 E = Time spent auto-exploring this place.
 F = Levels seen in this place.
 G = Mean time per level.
                   A        B        C        D        E       F      G
               +--------+--------+--------+--------+--------+-----+--------+
         Total |  27040 |  25255 |   1785 |   1356 |  16878 |  29 |  932.4 |
       Dungeon |  16279 |  15068 |   1211 |    612 |  10345 |  15 | 1085.3 |
        Temple |    209 |    189 |     20 |      0 |    188 |   1 |  209.0 |
          Lair |   6690 |   6347 |    343 |    340 |   4487 |   6 | 1115.0 |
         Swamp |    317 |    317 |      0 |      0 |    192 |   1 |  317.0 |
  Orcish Mines |   2452 |   2242 |    210 |    302 |   1376 |   2 | 1226.0 |
   Elven Halls |    190 |    190 |      0 |     37 |      0 |   1 |  190.0 |
        Depths |    216 |    216 |      0 |     64 |      0 |   1 |  216.0 |
         Sewer |    401 |    401 |      0 |      0 |    128 |   1 |  401.0 |
        Bailey |    283 |    283 |      0 |      0 |    161 |   1 |  283.0 |
               +--------+--------+--------+--------+--------+-----+--------+

Top non-repeatable levels by time:
   Orc:2: 1851 daAuts
  Lair:3: 1814 daAuts
    D:12: 1487 daAuts
    D:15: 1370 daAuts
    D:11: 1369 daAuts
     D:1: 1342 daAuts
     D:3: 1283 daAuts
     D:6: 1282 daAuts
    D:14: 1215 daAuts
  Lair:6: 1158 daAuts
     D:4: 1139 daAuts
  Lair:5: 1077 daAuts
  Lair:2: 1036 daAuts
     D:8: 963 daAuts
  Lair:1: 938 daAuts
